 Dungeon Crawl Stone Soup version 0.30-a0-808-g6e0788376e (webtiles) character file.

Game seed: 10511191505783493925

65 cforsyth the Sneak (level 4, -2/28 HPs)
             Began as a Kobold Brigand on Feb 25, 2023.
             Slain by an orc
             ... wielding a +2 heavy hand axe
              (10 damage)
             ... on level 4 of the Dungeon.
             The game lasted 00:02:00 (776 turns).

cforsyth the Sneak (Kobold Brigand)                  Turns: 776, Time: 00:02:00

Health: -2/28      AC:  3    Str:  8    XL:     4   Next: 35%
Magic:  4/4        EV: 15    Int: 12    God:
Gold:   22         SH:  0    Dex: 18    Spells: 3/3 levels left

rFire   . . .      SeeInvis .    a - +2 dagger
rCold   . . .      Faith    .    (no shield)
rNeg    . . .      Spirit   .    b - +0 robe
rPois   .          Reflect  .    (no helmet)
rElec   .          Harm     .    c - +0 cloak
rCorr   .          Rampage  .    (no gloves)
Will    .....                    (no boots)
Stlth   ++++                     (no amulet)
HPRegen 0.24/turn                (no ring)
MPRegen 0.09/turn                (no ring)

@: weak-willed
A: small, no large weapons, nightstalker 3
a: no special abilities


You were on level 4 of the Dungeon.
You visited 1 branch of the dungeon, and saw 3 of its levels.

You collected 22 gold pieces.

Inventory:

Hand Weapons
 a - a +2 dagger (weapon)
Missiles
 d - 9 poisoned darts (quivered)
 e - 3 curare-tipped darts
Armour
 b - a +0 robe (worn)
 c - a +0 cloak (worn)
Scrolls
 h - a scroll of identify
Potions
 g - a potion of curing
 i - a potion of invisibility {unknown}
 j - a potion of cancellation {unknown}
 m - a potion of lignification {unknown}


   Skills:
 + Level 3.0 Fighting
 + Level 3.6 Short Blades
 - Level 2.1 Throwing
 + Level 2.5 Dodging
 + Level 6.0 Stealth


You had 3 spell levels left.
You didn't know any spells.
Your spell library contained the following spells:

 Spells                   Type           Power      Damage    Failure   Level
 Apportation              Tloc           0%         N/A       32%         1
 Necrotise                Necr           0%         1d4       32%         1
 Summon Small Mammal      Summ           0%         N/A       32%         1


Dungeon Overview and Level Annotations

Branches:
Dungeon (2/15)

Altars:
Ru

Shops:
D:1 (


Innate Abilities, Weirdness & Mutations

You are small and have problems with some larger weapons.
You are completely attuned to the shadows.


Message History

You hit the hound.
The hound is severely wounded.
The hound bites you but does no damage. The hound bites you.
* * * LOW HITPOINT WARNING * * *
You hit the hound but do no damage.
The hound is severely wounded.
The hound barely misses you.
You hit the hound.
The hound is severely wounded.
The hound barely misses you.
You hit the hound but do no damage.
The hound is severely wounded.
The hound bites you but does no damage.
You hit the hound.
The hound is almost dead.
The hound barely misses you. The hound misses you.
You hit the hound but do no damage.
The hound is almost dead.
The hound closely misses you.
You hit the hound.
You kill the hound!
Your Fighting skill increases to level 3!
Your Stealth skill increases to level 6!
You have reached level 4!
You hit the hobgoblin.
The hobgoblin is heavily wounded.
The hobgoblin closely misses you.
You hit the hobgoblin.
The hobgoblin is almost dead.
You closely miss the hobgoblin.
The hobgoblin is almost dead.
The hobgoblin completely misses you.
You hit the hobgoblin.
You kill the hobgoblin!
You hit the orc. You punch the orc.
The orc is moderately wounded.
You closely miss the orc.
The orc is moderately wounded.
The orc hits you with a +2 heavy hand axe!
You die...

..h....#
.#######......
...#..~~o..#..#
.#.#..~...~..#.#
..#..$~._.~..[#....
...#..~o..~..#.....
....#..g~~..#......
....o#######.....w.
..##.@.... ......
.....#... #....
.##### #. ...


You could see an orc.

Vanquished Creatures
  A hound (D:4)
  2 dart slugs
  2 ball pythons (D:1)
  2 endoplasms (D:1)
  4 giant cockroaches
  2 goblins (D:1)
  3 hobgoblins
  4 kobolds (D:1)
  3 quokkas (D:1)
  2 bats (D:1)
  2 frilled lizards (D:1)
  2 rats
29 creatures vanquished.

Notes
Turn   | Place    | Note
-------+----------+-------------------------------------------
     0 | D:1      | cforsyth the Kobold Brigand began the quest for the Orb.
     0 | D:1      | Reached XP level 1. HP: 12/12 MP: 1/1
   120 | D:1      | Reached XP level 2. HP: 18/18 MP: 2/2
   261 | D:1      | Found Veff's Antique Weapon Emporium.
   290 | D:1      | Reached XP level 3. HP: 22/22 MP: 3/3
   743 | D:2      | You fall into a shaft and drop 2 floors!
   750 | D:4      | Found a sacrificial altar of Ru.
   771 | D:4      | Reached skill level 6 in Stealth
   771 | D:4      | Reached XP level 4. HP: 7/28 MP: 4/4
   776 | D:4      | Slain by an orc

Illustrated notes

Levels and vault maps discovered:
D:1:      denvon_arrival_planthouse, layout_rooms, serial_shops,
          nicolae_shop_overgrown_old_shop
D:2:      minmay_kobold_bridge, layout_rooms
D:4:      layout_rooms, mainiacjoe_overflow_surrounded_room,
          nicolae_ru_awakened_eye, nicolae_wu_jian_wuxing_cycle,
          portal_sewer_entry_d, st_stairs_6, glass_columns_c

Skill      XL: |  1  2  3 |
---------------+----------+-----
Short Blades   | 3 |  3.6
Dodging        | 2 |  2.5
Fighting       | 3 |  3.0
Stealth        | 6 |  6.0
Throwing       | |  2.1

Action                     |  1- 3 |  4- 6 || total
---------------------------+-------+-------++-------
  Melee: Dagger            |    89 |     6 ||    95
         Punch             |       |     1 ||     1
    Use: Scroll            |     4 |       ||     4
   Stab: Sleeping          |    11 |       ||    11
 Armour: Robe              |     9 |       ||     9
  Dodge: Dodged            |    75 |     2 ||    77

Table legend: (Time is in decaauts)
 A = Elapsed time spent in this place.
 B = Non-inter-level travel time spent in this place.
 C = Inter-level travel time spent in this place.
 D = Time resting spent in this place.
 E = Time spent auto-exploring this place.
 F = Levels seen in this place.
 G = Mean time per level.
                   A        B        C        D        E       F      G
               +--------+--------+--------+--------+--------+-----+--------+
         Total |    760 |    743 |     17 |      0 |    550 |   3 |  253.3 |
       Dungeon |    760 |    743 |     17 |      0 |    550 |   3 |  253.3 |
               +--------+--------+--------+--------+--------+-----+--------+

Top non-repeatable levels by time:
     D:1: 638 daAuts
     D:2: 91 daAuts
     D:4: 30 daAuts
